 Dungeon Crawl Stone Soup version 0.27-a0-3-gcf006a40f5 (webtiles) character file.

Game seed: 10981709308959443755

2584 Mesmaeker13 the Thaumaturge (level 9, -5/57 HPs)
             Began as a Mummy Necromancer on Jan 1, 2021.
             Was a Believer of Nemelex Xobeh.
             Killed from afar by an electric eel (17 damage)
             ... with a bolt of electricity
             ... on level 8 of the Dungeon.
             The game lasted 00:15:03 (8920 turns).

Mesmaeker13 the Thaumaturge (Mummy Necromancer)     Turns: 8920, Time: 00:15:05

Health: -5/57      AC:  4    Str: 11    XL:     9   Next: 32%
Magic:  19/21      EV: 15    Int: 17    God:    Nemelex Xobeh [**....]
Gold:   315        SH:  0    Dex: 13    Spells: 11/24 levels left

rFire    x . .     SeeInvis +   m - +1 dagger (venom)
rCold    + . .     Faith    .   (no shield)
rNeg     + + +     Spirit   .   a - +0 robe
rPois    ∞         Reflect  .   (no helmet)
rElec    .         Harm     .   (no cloak)
rCorr    +         Rampage  .   (no gloves)
Will     +....                  h - +1 pair of boots
Stlth    ++........             o - amulet of the acrobat
HPRegen  0.19/turn              g - ring of resist corrosion
MPRegen  0.17/turn              p - ring of see invisible

@: no status effects
A: no potions, fire vulnerability, cold resistance 1, negative energy resistance
3, torment resistance, unbreathing
a: Renounce Religion, Draw Escape, Draw Destruction, Draw Summoning


You were on level 8 of the Dungeon.
You worshipped Nemelex Xobeh.
Nemelex Xobeh was pleased with you.
You visited 1 branch of the dungeon, and saw 8 of its levels.

You collected 315 gold pieces.

Inventory:

Hand Weapons
 m - a +1 dagger of venom (weapon)
Missiles
 n - a throwing net
Armour
 a - a +0 robe (worn)
 h - a +1 pair of boots (worn)
 i - a +0 kite shield
Jewellery
 g - a ring of resist corrosion (left hand)
 o - an amulet of the acrobat (around neck)
 p - a ring of see invisible (right hand)
Scrolls
 b - 3 scrolls of remove curse
 c - 2 scrolls of enchant armour
 e - 3 scrolls of enchant weapon
 f - a scroll of blinking
 k - 4 scrolls of teleportation
 l - 4 scrolls of identify
 q - a scroll of fog


   Skills:
 + Level 5.7 Dodging
 - Level 1.5 Stealth
 + Level 8.3 Spellcasting
 + Level 7.7 Necromancy
 + Level 5.0 Invocations


You had 11 spell levels left.
You knew the following spells:

 Your Spells              Type           Power        Failure   Level
a - Pain                  Necr           100%         1%          1
b - Vampiric Draining     Necr           16%          1%          3
c - Animate Dead          Necr           16%          4%          4
d - Agony                 Necr           33%          12%         5

Your spell library contained the following spells:

 Spells                   Type           Power        Failure   Level
 Animate Skeleton         Necr           66%          1%          1


Dungeon Overview and Level Annotations

Branches:
Dungeon (8/15)             Temple (0/1) D:5
   Lair: D:8-11

Altars:
Nemelex Xobeh
Okawaru
Wu Jian

Shops:
D:4 *

Annotations:
D:4 2 runed translucent doors, Goblin1989's ghost, amateur DsDe
D:6 Maggie


Innate Abilities, Weirdness & Mutations

You do not drink.
Your flesh is vulnerable to fire.
You are immune to poison.
Your flesh is cold resistant. (rC+)
You are immune to negative energy. (rN+++)
You are immune to unholy pain and torment.
You can survive without breathing.


Message History

Aiming: Pain (safe; 1% risk of failure)
Press: ? - help, Shift-Dir - straight line, f/p - electric eel
Aim: an electric eel (water, lightly wounded, chance to affect: 89%)
The electric eel writhes in agony!
The electric eel shoots out a bolt of lightning at you!
The bolt of electricity hits you!
The electric eel shoots out a bolt of lightning at you!
The bolt of electricity hits you!
* * * LOW HITPOINT WARNING * * *
Casting: Pain (safe; 1% risk of failure)
Confirm with . or Enter, or press ? or * to list all spells.
Aiming: Pain (safe; 1% risk of failure)
Press: ? - help, Shift-Dir - straight line, f/p - electric eel
Aim: an electric eel (water, severely wounded, chance to affect: 89%)
The electric eel writhes in agony!
You kill the electric eel!
The electric eel shoots out a bolt of lightning at you!
The bolt of electricity hits you!
You die...
Your body glows slightly and disappears.

######.#.#.........)##.#
..........#..........##.#
.##############.#######.#
#.#.# #.#
######.#.#####.#
######...##.#.....#.###
.......(..#.#>..(......
#......#...#...#.#..
###@)....#.......+..
#≈≈≈≈..#.....#.###.#..
≈≈≈≈≈≈##.#'#####.# #.#..
#≈≈≈#≈≈#....# #.# #.#..
≈;≈ ≈;≈#....####.# #.#..
≈# ≈#;≈#.........# ...<#
≈≈ #..#'#.##### #≈
###..#.#.# #......#.#


You could see an electric eel.

Vanquished Creatures
  A two-headed ogre (D:8)
  An eye of draining (D:7)
  An orc warrior (D:6)
  2 ice beasts
  2 ogres
  2 centaurs
  A bullfrog (D:6)
  4 howler monkeys
  An electric eel (D:8)
  3 hounds
  A bullfrog zombie (D:7)
  4 orc priests
  2 jellies
  6 orc wizards
  5 worker ants
  5 iguanas
  A killer bee zombie (D:7)
  2 hound zombies
  3 gnolls (D:7)
  11 adders
  A howler monkey skeleton (D:5)
  4 white imps
  3 ufetubi
  An adder zombie (D:8)
  An adder skeleton (D:4)
  A dart slug (D:3)
  8 leopard geckos
  7 orcs
  9 bats
  5 giant cockroaches
  8 goblins
  10 hobgoblins
  2 jackals (D:3)
  8 kobolds
  A quokka (D:5)
  4 ball pythons
  A ball python skeleton (D:5)
  7 frilled lizards
  A leopard gecko skeleton (D:5)
  3 rats
143 creatures vanquished.

Vanquished Creatures (collateral kills)
  A gnoll (D:7)
  An orc (D:7)
2 creatures vanquished.

Grand Total: 145 creatures vanquished

Notes
Turn   | Place    | Note
-------+----------+-------------------------------------------
     0 | D:1      | Mesmaeker13 the Mummy Necromancer began the quest for the
                  | Orb.
     0 | D:1      | Reached XP level 1. HP: 13/13 MP: 4/4
     2 | D:1      | Noticed a troll
     2 | D:1      | Noticed a minotaur
     4 | D:1      | Noticed a gargoyle
     4 | D:1      | Noticed a vampire
     6 | D:1      | Noticed a demigod
     6 | D:1      | Noticed a human
     8 | D:1      | Noticed a vine stalker
     8 | D:1      | Noticed an ogre
    10 | D:1      | Noticed a dwarf
    12 | D:1      | Noticed a centaur
    12 | D:1      | Noticed a merfolk
    14 | D:1      | Noticed a ghoul
    14 | D:1      | Noticed a draconian
    16 | D:1      | Noticed a halfling
    16 | D:1      | Noticed a naga
    18 | D:1      | Noticed a formicid
    18 | D:1      | Noticed a felid
    20 | D:1      | Noticed a spriggan
    22 | D:1      | Noticed an octopode
    22 | D:1      | Noticed a demonspawn
    26 | D:1      | Noticed an elf
    26 | D:1      | Noticed a tengu
   246 | D:1      | Reached skill level 3 in Spellcasting
   247 | D:1      | Reached XP level 2. HP: 19/19 MP: 1/6
   987 | D:2      | Reached XP level 3. HP: 23/24 MP: 1/7
  1448 | D:2      | Reached XP level 4. HP: 30/30 MP: 7/9
  1728 | D:2      | Reached skill level 4 in Spellcasting
  1948 | D:2      | Learned a level 3 spell: Vampiric Draining
  1968 | D:3      | Found an ornate altar of the Wu Jian Council.
  2860 | D:4      | Found a large runed translucent door.
  2860 | D:4      | Found a large runed translucent door.
  2861 | D:4      | Noticed Goblin1989's ghost (amateur DsDe)
  2961 | D:4      | Reached XP level 5. HP: 32/35 MP: 6/11
  3148 | D:3      | Found a sparkling altar of Nemelex Xobeh.
  3153 | D:3      | Became a worshipper of Nemelex Xobeh the Trickster
  3168 | D:4      | Found Raomuelo's General Store.
  3291 | D:4      | Reached skill level 5 in Necromancy
  3513 | D:5      | Entered Level 5 of the Dungeon
  3529 | D:5      | Learned a level 4 spell: Animate Dead
  3788 | D:5      | Reached XP level 6. HP: 41/41 MP: 8/13
  3826 | D:5      | Reached skill level 5 in Spellcasting
  3826 | D:5      | Reached skill level 1 in Invocations
  4261 | D:5      | Noticed an ice beast
  4268 | D:5      | Killed an ice beast
  4269 | D:5      | Reached XP level 7. HP: 46/46 MP: 10/15
  4515 | D:5      | Found a staircase to the Ecumenical Temple.
  4571 | D:6      | Reached * piety under Nemelex Xobeh
  4782 | D:6      | Reached skill level 6 in Spellcasting
  5445 | D:6      | Reached XP level 8. HP: 52/52 MP: 13/17
  5872 | D:6      | Found an iron altar of Okawaru.
  5914 | D:6      | Noticed Maggie
  5956 | D:7      | Learned a level 5 spell: Agony
  6373 | D:7      | Reached skill level 7 in Spellcasting
  6825 | D:7      | Reached skill level 5 in Dodging
  7020 | D:7      | Received a gift from Nemelex Xobeh
  7803 | D:7      | Reached ** piety under Nemelex Xobeh
  7804 | D:7      | Noticed a boulder beetle
  7927 | D:8      | Reached XP level 9. HP: 57/57 MP: 16/20
  8413 | D:8      | Noticed a two-headed ogre
  8425 | D:8      | Killed a two-headed ogre
  8426 | D:8      | Reached skill level 8 in Spellcasting
  8426 | D:8      | Reached skill level 5 in Invocations
  8920 | D:8      | Killed from afar by an electric eel

Illustrated notes

Levels and vault maps discovered:
D:1:      kb_arrival_jail, layout_basic, minmay_ruptured
D:2:      layout_loops_ring
D:3:      lemuel_upstairs_altar, layout_loops_ring,
          pdpol_wu_jian_five_deadly_venoms
D:4:      layout_cave_pools, serial_shops, nicolae_shop_waterfront,
          ebering_ghost_disaster_area
D:5:      layout_cave_pools, lemuel_temple_firewalk_b, serial_column_ruins,
          column_ruins_hut, column_ruins_grid_4, column_ruins_open_tiny,
          column_ruins_open_medium_water, column_ruins_grid_1
D:6:      layout_loops_cross, okawaru_altar_gauntlet_db, uniq_maggie
D:7:      layout_cave_pods, minmay_increasing_density
D:8:      layout_basic, minmay_overflow_temple_star_quad, serial_shops,
          nicolae_shop_behind_doors, nicolae_shop_window_shopping, minivault_4

Skill      XL: |  1  2  3  4  5  6  7  8  9 |
---------------+----------------------------+-----
Spellcasting   | 3 4 5 6 7 8 |  8.3
Dodging        | 2 3 4 5 |  5.7
Necromancy     | 5 6 7 |  7.7
Invocations    | 2 3 4 5 |  5.0
Stealth        | |  1.5

Action                   |  1- 3 |  4- 6 |  7- 9 || total
-------------------------+-------+-------+-------++-------
Melee: Unarmed           |     9 |       |       ||     9
       Short sword       |       |    17 |       ||    17
       Dagger            |       |    33 |    64 ||    97
 Cast: Pain              |    63 |    90 |   105 ||   258
       Vampiric Draining |       |     2 |    33 ||    35
       Animate Dead      |       |       |     6 ||     6
Invok: Draw Destruction  |       |       |     1 ||     1
       Draw Escape       |       |       |     1 ||     1
Evoke: Wand              |       |    12 |    22 ||    34
  Use: Scroll            |     4 |     5 |     7 ||    16
 Stab: Distracted        |       |     1 |       ||     1
Armor: Robe              |     5 |    21 |    12 ||    38
Dodge: Dodged            |    15 |    50 |    91 ||   156

Table legend: (Time is in decaauts)
 A = Elapsed time spent in this place.
 B = Non-inter-level travel time spent in this place.
 C = Inter-level travel time spent in this place.
 D = Time resting spent in this place.
 E = Time spent auto-exploring this place.
 F = Levels seen in this place.
 G = Mean time per level.
                   A        B        C        D        E       F      G
               +--------+--------+--------+--------+--------+-----+--------+
         Total |   8928 |   8786 |    142 |   3740 |   3699 |   8 | 1116.0 |
       Dungeon |   8928 |   8786 |    142 |   3740 |   3699 |   8 | 1116.0 |
               +--------+--------+--------+--------+--------+-----+--------+

Top non-repeatable levels by time:
     D:7: 1898 daAuts
     D:5: 1384 daAuts
     D:8: 1086 daAuts
     D:6: 1045 daAuts
     D:2: 1043 daAuts
     D:1: 905 daAuts
     D:3: 873 daAuts
     D:4: 691 daAuts
